 Dungeon Crawl Stone Soup version 0.31.0-32-g396128a36d (webtiles) character file.

Game seed: 9733795561347313982

9965 Tovical the Spear-Bearer (level 11, -12/76 HPs)
             Began as a Tengu Monk on Mar 29, 2024.
             Was a Priest of Qazlal.
             Mangled by a sun demon (14 damage)
             ... on level 10 of the Dungeon.
             The game lasted 00:25:50 (8210 turns).

Tovical the Spear-Bearer (Tengu Monk)               Turns: 8210, Time: 00:25:50

Health: -12/76     AC: 15    Str: 13    XL:     11   Next: 54%
Magic:  12/12      EV: 10    Int: 13    God:    Qazlal [***...]
Gold:   416        SH:  4    Dex: 28    Spells: 10/10 levels left

rFire   + + +        l - +3 halberd
rCold   x . .        (shield currently unavailable)
rNeg    . . .        j - +0 plate armour
rPois   .            (helmet restricted)
rElec   +            (no cloak)
rCorr   +            f - +0 pair of gloves
SInv    +            (boots unavailable)
Will    .....        (no amulet) Stlth
                     a - ring of Zoor Yrr {rElec rF+ rCorr Str-2 Int+3 Dex+2}
HPRegen 0.32/turn    h - ring of Femubol {rF+++ Will- Dex+6 SInv}
MPRegen 0.13/turn

%: acrobat, clarity
@: flying
A: beak, talons 3, evasive flight, acrobatic, thin skeletal structure 1,
clarity, cold vulnerability 1, inability to drink after injury 1
a: Renounce Religion, Upheaval, Elemental Force


You were on level 10 of the Dungeon.
You worshipped Qazlal.
Qazlal was most pleased with you.
You visited 2 branches of the dungeon, and saw 11 of its levels.

You collected 416 gold pieces.

Inventory:

Hand Weapons
 l - a +3 halberd (weapon)
Armour
 f - a +0 pair of gloves (worn)
 j - a +0 plate armour (worn)
Jewellery
 a - the ring of Zoor Yrr (left hand) {rElec rF+ rCorr Str-2 Int+3 Dex+2}
   (You found it on level 7 of the Dungeon)

   [ring of protection from fire]

   Str-2:     It affects your strength (-2).
   Int+3:     It affects your intelligence (+3).
   Dex+2:     It affects your dexterity (+2).
   rF+:       It protects you from fire.
   rElec:     It insulates you from electricity.
   rCorr:     It protects you from acid and corrosion.
 h - the ring of Femubol (right hand) {rF+++ Will- Dex+6 SInv}
   (You acquired it on level 5 of the Dungeon)

   [ring of dexterity]

   Dex+6:     It affects your dexterity (+6).
   rF+++:     It renders you almost immune to fire.
   Will-:     It decreases your willpower.
   SInv:      It lets you see invisible.
Wands
 o - a wand of digging (8)
Scrolls
 d - a scroll of fog
 e - 9 scrolls of identify
 m - a scroll of silence
Potions
 b - a potion of curing
 c - a potion of ambrosia
 n - a potion of enlightenment


   Skills:
 + Level 11.9 Fighting
 + Level 12.8 Polearms
 + Level 8.2 Armour
 - Level 3.2 Dodging


You had 10 spell levels left.
You didn't know any spells.
Your spell library contained the following spells:

 Spells                   Type           Power      Damage    Failure   Level
 Cigotuvi's Dreadful Rot  Necr/Alch/Air  0%         N/A       100%        2
 Ignite Poison            Fire/Alch      0%         N/A       100%        4
 Freezing Cloud           Conj/Ice/Air   0%         6-21      100%        5


Dungeon Overview and Level Annotations

Branches:
Dungeon (10/15)            Temple (1/1) D:7            Lair (0/5) D:9
    Orc (0/2) D:10

Altars:
Ashenzari
Dithmenos
Fedhas
Gozag
Hepliaklqana
Kikubaaqudgha
Makhleb
Nemelex Xobeh
Okawaru
Qazlal
Ru
Sif Muna
Trog
Uskayaw
Vehumet
Wu Jian
Xom
Yredelemnul
Zin

Shops:
D:6 :

Annotations:
D:4 2 transporters, Tripartite's ghost, weakling MfDe
D:6 3 runed translucent doors, flammie80's ghost, weakling FoMo
D:8 2 transporters, PaiMei's ghost, novice DsNe


Innate Abilities, Weirdness & Mutations

You have a beak for a mouth.
You have claws for feet.
Your magical flight helps you evade attacks. (EV +4)
You can magically evade attacks while moving or waiting.
You have a somewhat thin skeletal structure. (Dex +2, Stealth+)
You possess an exceptional clarity of mind.
You are vulnerable to cold. (rC-)
You occasionally lose the ability to drink potions when taking damage.


Message History

There is a stone staircase leading down here.
The sun demon completely misses you.
You fly downwards.
There is a stone staircase leading up here.
You completely miss the sun demon.
You peck the sun demon, but do no damage.
The sun demon hits you!!
You are engulfed in flames.
You resist.
You hit the sun demon but do no damage. You claw the sun demon!
Your peck misses the sun demon.
The sun demon is lightly wounded.
The sun demon hits you but does no damage.
You hit the sun demon but do no damage.
You peck the sun demon, but do no damage.
The sun demon is lightly wounded.
The sun demon hits you!
You are engulfed in flames.
You resist.
You slash the sun demon! Your kick misses the sun demon.
The sun demon is moderately wounded.
The sun demon barely misses you.
You barely miss the sun demon.
The sun demon is moderately wounded.
The sun demon hits you!!
* * * LOW HITPOINT WARNING * * *
You are engulfed in flames.
You resist.
* * * LOW HITPOINT WARNING * * *
You are too injured to fight recklessly!
You are too injured to fight recklessly!
You puncture the sun demon!
You claw the sun demon, but do no damage.
The sun demon is heavily wounded.
The sun demon closely misses you.
You hit the sun demon but do no damage. You peck the sun demon.
The sun demon is heavily wounded.
The sun demon hits you!
* * * LOW HITPOINT WARNING * * *
You are engulfed in flames.
You resist.
* * * LOW HITPOINT WARNING * * *
You hit the sun demon. Your peck misses the sun demon.
The sun demon is severely wounded.
The sun demon hits you!
You die...

#........>#
#.........#
#.........#
#.........#
#.........#
#.........#
#...3.....#
#...§@....#
#....○.......
#>...^........
##..........##
............#
.............#
.............#
.............#


You could see a sun demon.

Vanquished Creatures
  2 two-headed ogres
  A sixfirhy (D:9)
  An orc sorcerer (D:8)
  An elephant (D:8)
  Joseph (D:9)
  A troll (D:10)
  Sigmund (D:6)
  2 slime creatures (D:6)
  2 wyverns (D:8)
  2 basilisks (D:9)
  12 yaks (D:8)
  3 chaos spawn (D:9)
  A water moccasin (D:8)
  Pargi (D:3)
  An ice beast (D:6)
  A sky beast (D:7)
  3 black bears
  3 orc warriors
  A centaur (D:9)
  5 kobold brigands
  3 phantoms
  2 bullfrogs
  5 scorpions
  A water moccasin zombie (D:6)
  A gnoll sergeant (D:7)
  7 wights
  4 killer bees
  A howler monkey (D:9)
  A crimson imp (D:9)
  A quasit (D:9)
  A bullfrog zombie (D:6)
  4 hounds
  4 jellies (D:6)
  7 orc priests
  2 gnoll boudas
  2 sleepcaps
  3 iguanas
  6 orc wizards
  10 gnolls
  13 adders
  2 white imps (D:5)
  A dart slug (D:4)
  A ribbon worm (D:4)
  22 orcs
  2 bats
  7 endoplasms
  3 giant cockroaches
  2 goblins
  A hobgoblin (D:2)
  2 quokkas
  A frilled lizard (D:2)
  20 kobolds
  3 rats
190 creatures vanquished.

Notes
Turn   | Place    | Note
-------+----------+-------------------------------------------
     0 | D:1      | Tovical the Tengu Monk began the quest for the Orb.
     0 | D:1      | Reached XP level 1. HP: 14/14 MP: 2/2
    90 | D:2      | Reached XP level 2. HP: 17/19 MP: 3/3
   204 | D:2      | Reached skill level 4 in Polearms
   204 | D:2      | Reached XP level 3. HP: 23/23 MP: 4/4
   551 | D:4      | Reached XP level 4. HP: 29/29 MP: 5/5
   556 | D:4      | Noticed Pargi
   562 | D:4      | Noticed a phantom
   589 | D:4      | Gained mutation: You are vulnerable to cold. (rC-) [potion
                  | of mutation]
   589 | D:4      | Gained mutation: You occasionally lose the ability to drink
                  | potions when taking damage. [potion of mutation]
   589 | D:4      | Gained mutation: You possess an exceptional clarity of
                  | mind. [potion of mutation]
   589 | D:4      | Gained mutation: You have a somewhat thin skeletal
                  | structure. (Dex +2, Stealth+) [potion of mutation]
   605 | D:3      | Killed Pargi
   606 | D:3      | Reached skill level 5 in Polearms
   606 | D:3      | Reached XP level 5. HP: 29/34 MP: 6/6
   632 | D:4      | Killed a phantom
   633 | D:4      | Reached skill level 5 in Fighting
   633 | D:4      | Reached XP level 6. HP: 40/40 MP: 7/7
   820 | D:5      | Entered Level 5 of the Dungeon
   982 | D:4      | Reached skill level 6 in Polearms
  1050 | D:4      | Found a transporter.
  1065 | D:4      | Noticed Tripartite's ghost (weakling MfDe)
  1154 | D:4      | Found a transporter.
  1194 | D:4      | Identified the ring "Pagaul" {rElec EV+5 Dex+7}
  1283 | D:5      | Identified a scroll of acquirement
  1283 | D:5      | Acquired the ring of Femubol {rF+++ Will- Dex+6 SInv}
  1436 | D:5      | Gained mutation: Your magical flight helps you evade
                  | attacks. (EV +4) [Tengu growth]
  1436 | D:5      | Reached XP level 7. HP: 40/45 MP: 8/8
  2183 | D:5      | Reached skill level 7 in Polearms
  2459 | D:6      | Found Qym Koas's Vocational Training.
  2463 | D:6      | Reached XP level 8. HP: 49/51 MP: 9/9
  2628 | D:6      | Reached skill level 8 in Polearms
  2675 | D:6      | Found an ancient bone altar of Kikubaaqudgha.
  2675 | D:6      | Found a bloodstained altar of Trog.
  2675 | D:6      | Found an ornate altar of the Wu Jian Council.
  2675 | D:6      | Found a shimmering blue altar of Sif Muna.
  2675 | D:6      | Found an iron altar of Okawaru.
  2675 | D:6      | Found a shimmering altar of Xom.
  2675 | D:6      | Noticed a slime creature
  2675 | D:6      | Noticed a slime creature
  2693 | D:6      | Killed a slime creature
  2704 | D:6      | Killed a slime creature
  2705 | D:6      | Reached skill level 9 in Polearms
  2867 | D:6      | Found a runed translucent gate.
  2867 | D:6      | Found a runed translucent gate.
  2867 | D:6      | Found a runed translucent gate.
  2867 | D:6      | Noticed flammie80's ghost (weakling FoMo)
  2869 | D:6      | Found a basalt altar of Yredelemnul.
  2874 | D:6      | Reached XP level 9. HP: 55/60 MP: 10/10
  3280 | D:6      | Noticed Sigmund
  3284 | D:6      | Killed Sigmund
  3285 | D:6      | Reached skill level 10 in Polearms
  3829 | D:7      | Reached skill level 1 in Armour
  4284 | D:8      | Found a bloodstained altar of Trog.
  4323 | D:7      | Found an opulent altar of Gozag.
  4418 | D:7      | Found a broken altar of Ashenzari.
  4478 | D:7      | Found a staircase to the Ecumenical Temple.
  4501 | Temple   | Entered the Ecumenical Temple
  4507 | Temple   | Became a worshipper of Qazlal Stormbringer
  4507 | Temple   | Reached * piety under Qazlal
  4507 | Temple   | Reached ** piety under Qazlal
  4631 | D:7      | Found a hide-covered altar of Uskayaw.
  4681 | D:7      | Identified the ring of Zoor Yrr {rElec rF+ rCorr Str-2
                  | Int+3 Dex+2}
  4756 | D:7      | Found a blossoming altar of Fedhas.
  5071 | D:8      | Found a sacrificial altar of Ru.
  5196 | D:8      | Noticed PaiMei's ghost (novice DsNe)
  5197 | D:8      | Noticed a moth of wrath
  5285 | D:8      | Found a transporter.
  5308 | D:8      | Reached XP level 10. HP: 67/68 MP: 11/11
  5310 | D:8      | Reached skill level 10 in Fighting
  5315 | D:8      | Reached skill level 11 in Polearms
  5425 | D:8      | Reached skill level 5 in Armour
  5601 | D:9      | Noticed an orange demon
  5617 | D:8      | Found a transporter.
  5679 | D:8      | Noticed a two-headed ogre
  5688 | D:8      | Noticed an orc sorcerer
  5692 | D:8      | Killed a two-headed ogre
  5696 | D:8      | Killed an orc sorcerer
  5944 | D:8      | Reached skill level 12 in Polearms
  6178 | D:8      | Reached XP level 11. HP: 74/74 MP: 12/12
  6186 | D:8      | Reached *** piety under Qazlal
  6422 | D:9      | Noticed Joseph
  6831 | D:9      | Killed Joseph
  6924 | D:9      | Found a staircase to the Lair.
  6990 | D:10     | Entered Level 10 of the Dungeon
  7000 | D:9      | Found a shimmering altar of Xom.
  7267 | D:9      | Noticed a two-headed ogre
  7657 | D:10     | Killed a two-headed ogre
  7882 | D:10     | Found a staircase to the Orcish Mines.
  7981 | D:9      | Found a burning altar of Makhleb.
  7982 | D:9      | Found a radiant altar of Vehumet.
  8002 | D:9      | Noticed a sixfirhy
  8013 | D:9      | Killed a sixfirhy
  8183 | D:9      | Noticed a sun demon
  8209 | D:10     | HP: 2/76 [sun demon (2)]
  8210 | D:10     | Mangled by a sun demon

Illustrated notes

Levels and vault maps discovered:
D:1:      minmay_arrival_up_and_down, layout_rooms
D:2:      layout_rooms
D:3:      minmay_roachtagon, layout_rooms, gammafunk_temple_overflow_statue,
          shapermc_ecumenical_altar_venn, saegor_snake_ambush
D:4:      layout_basic, gammafunk_ghost_gnarly_gnolls, uniq_pargi
D:5:      layout_loops_ring, serial_aquarium, aquarium_bridge_island_small
          [aquarium_subvault_small_open, aquarium_subvault_bridge,
          aquarium_subvault_wall, aquarium_subvault_wall,
          aquarium_subvault_window], aquarium_bridge_square
          [aquarium_subvault_bridge, aquarium_subvault_bridge,
          aquarium_subvault_wall, aquarium_subvault_window],
          aquarium_window_fake, aquarium_window_3, aquarium_window_1,
          aquarium_view_2e, aquarium_view_2b, aquarium_balcony_1b,
          item_on_display_a
D:6:      cheibrodos_fertilizer, layout_loops_ring,
          nicolae_yredelemnul_ghost_church, minivault_23, minivault_24,
          nicolae_shop_vocational, uniq_sigmund
D:7:      layout_basic, mainiacjoe_overflow_boulevard, kennysheep_mini_moat,
          kennysheep_little_box, pf_just_have_faith, minmay_temple_entry_waves,
          supply_closet_lemuel, grunt_ministairs_8,
          serial_library_hellmonk_room_a, minmay_misc_feat_enclosed
D:8:      cheibrodos_wizards_tower, layout_loops_ring, trog_ov_bears_minmay,
          nicolae_ru_great_annihilating_truth, gammafunk_ghost_berserking_beasts
D:9:      layout_stronghold, mainiacjoe_overflow_concentric_impassable,
          mainiacjoe_overflow_six_doors_small,
          grunt_temple_overflow_lords_of_destruction, david_lair_generic,
          serial_demonic, serial_demonic_a, serial_demonic_c, serial_demonic_d,
          serial_demonic_b, serial_demonic_a, serial_demonic_b, uniq_pikel,
          uniq_joseph
D:10:     layout_long_grid, orc_0_dummy
Temple:   nicolae_temple_cloud_nine

Skill      XL: |  1  2  3  4  5  6  7  8  9 10 11 |
---------------+----------------------------------+-----
Polearms       | 4 5 6 7 9 10 12 | 12.8
Fighting       | 4 5 6 8 9 11 | 11.9
Armour         | 3 6 8 |  8.2
Dodging        | |  3.2

Action                     |  1- 3 |  4- 6 |  7- 9 | 10-12 || total
---------------------------+-------+-------+-------+-------++-------
  Melee: Spear             |    42 |   103 |    79 |       ||   224
         Peck              |     6 |    18 |    38 |    60 ||   122
         Kick              |    10 |    28 |    75 |    82 ||   195
         Halberd           |       |       |   188 |   244 ||   432
 Invoke: Upheaval          |       |       |       |     2 ||     2
    Use: Potion            |       |     4 |     2 |     5 ||    11
         Scroll            |       |     7 |     7 |       ||    14
   Stab: Invisible         |       |       |     1 |       ||     1
         Paralysed         |       |       |     1 |       ||     1
 Armour: Robe              |     6 |       |       |       ||     6
         Chain mail        |    10 |    33 |    55 |       ||    98
         Skin              |       |    74 |       |       ||    74
         Plate armour      |       |       |    79 |   180 ||   259
  Dodge: Dodged            |    11 |    65 |   135 |   130 ||   341
  Block: Other             |       |       |     6 |    32 ||    38
